[Event "*** SCC Grand Prix: Titled Tuesday Blitz"]
[Site "Chess.com"]
[Date "2020.08.25"]
[Round "8"]
[White "rynos0411"]
[Black "narutosmith"]
[Result "1-0"]
[WhiteElo "2432"]
[BlackElo "2285"]
[TimeControl "180+1"]
[EndTime "11:36:53 PDT"]
[Termination "rynos0411 won on time"]

1. e4 c5 2. Nf3 e6 3. d3 Nc6 4. Nbd2 g6 5. g3 Bg7 6. Bg2 Nge7 7. O-O O-O 8. c3 e5 9. a4 d6 10. Re1 Be6 11. Ng5 Bd7 12. f4 h6 13.
Ngf3 exf4 14. gxf4 f5 15. Nc4 Be6 16. Na3 fxe4 17. dxe4 Qd7 18. Nb5 Rad8 19. Be3 a6 20. Na3 Na5 21. Qe2 Qxa4 22. Nc2 Qb3 23. Rxa5 Qxb2 24. e5 Nf5 25. Bc1 Qb6 26. Ra1 d5 27. Ba3 Rf7 28. Kh1 Rfd7 29. Qf2 Rc8 30. Ne3 Nxe3 31.
Qxe3 Qc6 32. Red1 Rcd8 33. Rab1 b6 34. Nh4 Bf7 35. f5 gxf5 36. Nxf5 Qe6 37. Nxg7 Kxg7 38.
Rf1 Bg6 39. Rf6 Qe7 40. Qg3 Qe8 41. Rbf1 Kh7 42. Bh3 Rg7 43. Rxg6 Rxg6 44. Bf5 Qg8 45. e6 Rf8 46. Bxg6+ Qxg6 47. Qxg6+ Kxg6 48. Rxf8 1-0

[Event "*** SCC Grand Prix: Titled Tuesday Blitz"]
[Site "Chess.com"]
[Date "2020.08.25"]
[Round "8"]
[White "dretch"]
[Black "Keithonsky"]
[Result "1-0"]
[WhiteElo "2761"]
[BlackElo "2544"]
[TimeControl "180+1"]
[EndTime "11:36:55 PDT"]
[Termination "dretch won by checkmate"]

1. d4 d5 2. c4 e6 3. Nc3 a6 4. cxd5 exd5 5. Bf4 Nf6 6. e3 Be6 7. Bd3 Bd6 8. Bg5 Nbd7 9. Nge2 c6 10. f3 Qc7 11. Bf4 O-O 12. O-O Rfe8 13. Qd2 c5 14.
Rac1 Bxf4 15. exf4 g6 16. f5 gxf5 17. Ng3 f4 18.
Nge2 cxd4 19. Nb5 Qe5 20. Nc7 Nh5 21. Kh1 Kh8 22. Bb1 Rac8 23. Nxe8 Rxe8 24. Qxd4 f6 25. Qd3 Re7 26. Rfe1 Qg5 27. Nd4 Ne5 28. Qa3 Rg7 29.
Re2 Bg8 30. Nf5 Rf7 31. Rc8 Ng7 32. Nd6 Rd7 33. Qc5 Ne6 34. Qb4 Rg7 35. Nf5 Rd7 36. Qe1 Ng7 37. Nxg7 Rxg7 38. Qf2 h5 39. h4 Qg3 40.
Qxg3 Rxg3 41. Bf5 d4 42. Rd2 d3 43. Bxd3 Kg7 44. Be4 Be6 45. Rc7+ Bf7 46. Rxb7 f5 47. Bd5 Kf6 48. Bxf7 Nxf7 49. Rdd7 Ne5 50. Rd6# 1-0

[Event "*** SCC Grand Prix: Titled Tuesday Blitz"]
[Site "Chess.com"]
[Date "2020.08.25"]
[Round "8"]
[White "ChainsOfFantasia"]
[Black "Vamostodorecto"]
[Result "1-0"]
[WhiteElo "2494"]
[BlackElo "2322"]
[TimeControl "180+1"]
[EndTime "11:36:55 PDT"]
[Termination "ChainsOfFantasia won on time"]

1. c4 e5 2. g3 Nc6 3. Bg2 Nf6 4. Nc3 d6 5. e3 g6 6. Nge2 Bg7 7. O-O O-O 8. d3 Be6 9. Rb1 Qd7 10. b4 Bh3 11.
b5 Nd8 12. Ba3 a6 13. b6 Bxg2 14. Kxg2 c6 15. d4 exd4 16. exd4 Ne6 17. Qd2 Rfe8 18. d5 Nc5 19. Nf4 Nfe4 20. Nxe4 Nxe4 21. Qc2 c5 22.
Rbe1 Qf5 23. Re2 h5 24. Rfe1 Nf6 25. Qxf5 gxf5 26. Nxh5 Rxe2 27. Nxf6+ Bxf6 28. Rxe2 a5 29. Bc1 Ra6 30. Bb2 Kg7 31. Bxf6+ Kxf6 32. Rb2 a4 33.
f4 Kg6 34. h3 Kf6 35. Kf3 a3 36. Rb3 Kg6 37. g4 fxg4+ 38. hxg4 f5 39. Re3 fxg4+ 40. Kxg4 Rxb6 41. Re6+ Kf7 42. Kg5 Rb2 43. Rxd6 Rxa2 44. Rd7+ Ke8 45. Rxb7 Rg2+ 46. Kf6 a2 47. Ra7 1-0

[Event "*** SCC Grand Prix: Titled Tuesday Blitz"]
[Site "Chess.com"]
[Date "2020.08.25"]
[Round "8"]
[White "sertalzin"]
[Black "Chamal_Gedgafov"]
[Result "0-1"]
[WhiteElo "1862"]
[BlackElo "2113"]
[TimeControl "180+1"]
[EndTime "11:36:56 PDT"]
[Termination "Chamal_Gedgafov won on time"]

1. d4 Nf6 2. c4 e6 3. Nc3 Bb4 4.
e3 O-O 5. Ne2 b6 6. a3 Be7 7. d5 Bb7 8. Ng3 Re8 9. Be2 d6 10.
O-O e5 11. e4 Nbd7 12. b4 a5 13. Be3 Nf8 14. Qb3 Ng6 15. c5 bxc5 16. bxc5 Ba6 17.
Bxa6 Rxa6 18. c6 Nf4 19. a4 Ng4 20. Bd2 Ra8 21. f3 Nh6 22. Nb5 g6 23. Qc2 Rf8 24.
Bc3 f5 25. Qd2 Bg5 26. Qe1 Nd3 27. Qe2 Nf4 28. Qe1 Nd3 29. Qe2 Nc5 30. Rfd1 fxe4 31. Nxe4 Nxe4 32. fxe4 Bf4 33. g3 Bg5 34. Rf1 Nf7 35.
Qe1 Qe7 36. Bxa5 Rac8 37. Bd2 Bxd2 38. Qxd2 Ng5 39. Qe2 h5 40. h4 Nh7 41. Kg2 Nf6 42.
a5 Ng4 43. a6 Rb8 44. a7 Ra8 45. Rab1 g5 46. Rxf8+ Kxf8 47. Rf1+ Kg7 48. hxg5 Qxg5 0-1

[Event "*** SCC Grand Prix: Titled Tuesday Blitz"]
[Site "Chess.com"]
[Date "2020.08.25"]
[Round "8"]
[White "Firouzja2003"]
[Black "skiff134"]
[Result "1-0"]
[WhiteElo "2982"]
[BlackElo "2730"]
[TimeControl "180+1"]
[EndTime "11:36:58 PDT"]
[Termination "Firouzja2003 won on time"]

1. e4 c6 2. d4 d5 3. e5 c5 4.
dxc5 e6 5. a3 Bxc5 6. Nf3 Ne7 7.
Bd3 Nbc6 8. O-O Ng6 9. b4 Bb6 10.
Bb2 Nf4 11. c4 O-O 12. c5 Nxd3 13. Qxd3 Bc7 14. Re1 f6 15. Nbd2 Bd7 16. Rac1 a6 17. Qe3 Rf7 18. Nb3 Qe7 19. Rcd1 Raf8 20. Rd2 Qd8 21.
h3 Qb8 22. Bc3 Ne7 23. Qe2 Ng6 24. exf6 gxf6 25. c6 Nf4 26. Qe3 bxc6 27. g3 Nxh3+ 28. Kg2 Nf4+ 29. gxf4 Bxf4 30. Qc5 Rg7+ 31. Kf1 e5 32. Ng1 Qc8 33. Re3 Bf5 34. Rf3 Bxd2 35. Nxd2 Be4 36. Nxe4 dxe4 37. Rg3 Rxg3 38. fxg3 Qf5+ 39.
Kg2 Rd8 40. Qxc6 Rd3 41. Qc4+ Kg7 42. Be1 Qg4 43. Qc7+ Kg6 44. Qc4 1-0

[Event "*** SCC Grand Prix: Titled Tuesday Blitz"]
[Site "Chess.com"]
[Date "2020.08.25"]
[Round "8"]
[White "davigator"]
[Black "lucachess49"]
[Result "1-0"]
[WhiteElo "2349"]
[BlackElo "2462"]
[TimeControl "180+1"]
[EndTime "11:36:58 PDT"]
[Termination "davigator won on time"]

1. e4 e5 2. Nf3 Nc6 3. Bb5 a6 4. Ba4 Nf6 5. O-O Be7 6. Re1 b5 7. Bb3 d6 8. c3 O-O 9. d3 Na5 10.
Bc2 c5 11. Nbd2 Nc6 12. Nf1 h6 13. Ng3 Be6 14. a4 Re8 15. Bd2 Bf8 16. h3 d5 17. Qe2 d4 18. Nh4 g6 19. Nf3 c4 20.
cxd4 exd4 21. Qd1 Nb4 22. Qc1 Rc8 23. dxc4 Rxc4 24. Bxb4 Bxb4 25. Rd1 Qc7 26. Nxd4 Bc5 27. Nge2 Nxe4 28. Qb1 Nxf2 29. Kxf2 Bd5 30. Bxg6 Rxe2+ 31. Kxe2 Qe5+ 32. Kf1 Bxd4 33. Qf5 Qe3 34. Re1 Qg1+ 35.
Ke2 Qxg2+ 36. Kd3 Qxg6 37. Qxg6+ fxg6 38. Re7 Bf7 39. Rf1 Bd5 40. Rd7 Be4+ 41. Kxe4 Bxb2+ 42. Kd5 Rxa4 43. Kc6 Rc4+ 44. Kb6 b4 45. Kxa6 b3 46. Rb1 Rc2 47. Rb7 Be5 48. R7xb3 Kf7 49. Rb6 Bf6 50. Rd1 1-0

[Event "*** SCC Grand Prix: Titled Tuesday Blitz"]
[Site "Chess.com"]
[Date "2020.08.25"]
[Round "8"]
[White "anon102030"]
[Black "mishanick"]
[Result "0-1"]
[WhiteElo "2737"]
[BlackElo "2966"]
[TimeControl "180+1"]
[EndTime "11:36:59 PDT"]
[Termination "mishanick won on time"]

1. e4 c5 2. Nc3 d6 3. g3 g6 4. Bg2 Bg7 5. d3 Nc6 6. Be3 e6 7. Nf3 Nge7 8. d4 cxd4 9. Nxd4 O-O 10.
O-O a6 11. f4 Qc7 12. Nce2 b5 13.
c3 Bb7 14. Qd2 e5 15. Nb3 Rad8 16. Rad1 Kh8 17. f5 gxf5 18. exf5 f6 19. g4 Rg8 20.
Qe1 Na5 21. Nxa5 Bxg2 22. Kxg2 Qxa5 23. a3 Qc7 24. Qh4 d5 25. Kh3 Qc6 26. Ng3 Rdf8 27. Nh5 Rf7 28. Ng3 Bf8 29. Rg1 Qc4 30. Nh5 Qe4 31.
Bc1 d4 32. Qf2 dxc3 33. bxc3 Qc6 34. Rg3 Bg7 35. Qd2 Rgf8 36. Qd6 Qc4 37. Qd3 Qa4 38. Qd6 Rg8 39. Rgd3 Bf8 40. Nxf6 Rgg7 41. Rg3 Nxf5 42. Qe6 Nxg3 43. hxg3 Qxd1 0-1

[Event "*** SCC Grand Prix: Titled Tuesday Blitz"]
[Site "Chess.com"]
[Date "2020.08.25"]
[Round "8"]
[White "BakaPG"]
[Black "Kavyev_Ruslan"]
[Result "1-0"]
[WhiteElo "2684"]
[BlackElo "2495"]
[TimeControl "180+1"]
[EndTime "11:36:59 PDT"]
[Termination "BakaPG won by resignation"]

1. e4 c5 2. Nf3 d6 3. d4 cxd4 4. Nxd4 Nf6 5. Nc3 a6 6. Be3 e5 7.
Nb3 Be6 8. Qd2 Nbd7 9. f3 h5 10. Nd5 Bxd5 11. exd5 g6 12. c4 Bg7 13. Be2 O-O 14.
O-O b6 15. Kh1 a5 16. Rac1 Re8 17. g3 Kh7 18. Na1 e4 19. f4 Ng4 20. Bxg4 hxg4 21. b3 f5 22. Nc2 Nc5 23. Nd4 Qf6 24. Rb1 Nd3 25. a3 Rec8 26. Nc6 Ra6 27. Kg2 Kg8 28. Rh1 Kf7 29. h3 gxh3+ 30. Rxh3 Nc5 31. Rh7 Rxc6 32. dxc6 Nd3 33. c7 Ra8 34. Bxb6 d5 35. Qe3 Kg8 36.
Rxg7+ Qxg7 37. cxd5 Qc3 38. Qe2 Ra6 39. Be3 Qxc7 40. b4 axb4 41. axb4 Rd6 42. Qa2 Ra6 43. Qb3 Qd6 44. b5 Ra3 45. Qc4 Ra8 46. b6 Rb8 47. b7 Qd7 48. d6+ Kf8 49. Qc7 1-0

[Event "*** SCC Grand Prix: Titled Tuesday Blitz"]
[Site "Chess.com"]
[Date "2020.08.25"]
[Round "8"]
[White "GameOverBro"]
[Black "RenarddesSurfaces"]
[Result "0-1"]
[WhiteElo "2438"]
[BlackElo "2553"]
[TimeControl "180+1"]
[EndTime "11:37:00 PDT"]
[Termination "RenarddesSurfaces won on time"]

1. e4 d6 2. d4 Nf6 3. Nc3 Nbd7 4.
f4 e5 5. Nf3 exd4 6. Qxd4 c6 7.
e5 dxe5 8. fxe5 Bc5 9. Qh4 Qe7 10. Bf4 Nd5 11. Nxd5 Qxh4+ 12. Nxh4 cxd5 13. O-O-O Nb6 14. Bb5+ Ke7 15. Bg5+ Kf8 16. Rhf1 h6 17. Bd8 Kg8 18. Bxb6 axb6 19. Rxd5 Be6 20. Rd2 Rxa2 21. c3 Be3 22. Rd1 Bb3 23. Kb1 Bxd2 24. Rxd2 Kh7 25. Bd3+ g6 26. Bc2 Be6 27. Be4 Rha8 28. Kc2 Ra1 29. Bxb7 R8a4 30. g3 g5 31. Nf3 Bf5+ 32. Kb3 Be6+ 33.
Bd5 Bxd5+ 34. Rxd5 Ra7 35. h4 g4 36. Nd4 Rg1 37. Rd6 Rxg3 38. Rxb6 Rh3 39. Nf5 g3 40. Rxh6+ Kg8 41. Rh5 Ra6 42. Rg5+ Kf8 43. Ne7 Kxe7 44. Kc4 Rc6+ 45. Kd5 Rg6 0-1

[Event "*** SCC Grand Prix: Titled Tuesday Blitz"]
[Site "Chess.com"]
[Date "2020.08.25"]
[Round "8"]
[White "Guenplen"]
[Black "Mikhail_Golubev"]
[Result "1-0"]
[WhiteElo "2887"]
[BlackElo "2620"]
[TimeControl "180+1"]
[EndTime "11:37:01 PDT"]
[Termination "Guenplen won on time"]

1. d4 Nf6 2. Nf3 d6 3. Bf4 g6 4.
h3 Bg7 5. e3 O-O 6. c3 b6 7.
Be2 Bb7 8. O-O Nbd7 9. Bh2 Re8 10. a4 a6 11. Nfd2 e5 12. Bf3 Bxf3 13. Qxf3 d5 14. Qd1 c5 15. Nf3 exd4 16. cxd4 cxd4 17. Nxd4 Ne4 18.
Nd2 Ndc5 19. N2f3 Rc8 20. Qe2 Qd7 21. Qd1 Ne6 22. Nxe6 Rxe6 23. Nd4 Ree8 24. Ra3 Bf8 25. Rd3 Nc5 26. Rd2 Ne4 27. Rc2 Rxc2 28. Qxc2 Rc8 29.
Qd1 Bg7 30. Bf4 h5 31. b3 Rc3 32. Qe2 Nc5 33. b4 Nd3 34. Bg3 Qxa4 35. Qf3 Qd7 36. Qe2 b5 37. Nf3 Nxb4 38. Rd1 Rc2 39. Qe1 Qc6 40. Ne5 Qc3 41. Nf3 Qxe1+ 42. Rxe1 a5 43. Rb1 1-0

[Event "*** SCC Grand Prix: Titled Tuesday Blitz"]
[Site "Chess.com"]
[Date "2020.08.25"]
[Round "8"]
[White "Gabrielian_Artur"]
[Black "TwentyHoursADay"]
[Result "1-0"]
[WhiteElo "2708"]
[BlackElo "2480"]
[TimeControl "180+1"]
[EndTime "11:37:01 PDT"]
[Termination "Gabrielian_Artur won by checkmate"]

1. e4 c5 2. Nc3 a6 3. g3 b5 4. Bg2 Bb7 5. Nge2 e6 6. O-O h5 7. h3 h4 8. g4 Nc6 9. d3 Nge7 10. Be3 Ng6 11. f4 Qc7 12. Qd2 Be7 13.
a3 f6 14. Rae1 O-O-O 15. Kh1 Kb8 16. Nd1 d5 17. exd5 exd5 18. Bg1 d4 19. Nf2 Ka8 20.
Bh2 Rhe8 21. a4 b4 22. Ne4 Bf8 23.
f5 Nge5 24. Nf4 Bc8 25. Qf2 Ka7 26. b3 Be7 27. Qxh4 Rh8 28. Qf2 Rh7 29. Ng6 Bb7 30. g5 Qd7 31. Nxe7 Qxe7 32. g6 Rh5 33. Kg1 Rdh8 34.
Nd2 Bc8 35. Bxc6 Rxh3 36. Bg3 Bxf5 37. Bg2 Bc8 38. Nc4 Bb7 39. Bxh3 Rxh3 40. Bh2 Qe6 41. Qf4 Rh6 42. Nxe5 fxe5 43. Rxe5 Rxg6+ 44. Kf2 Rg2+ 45. Ke1 Qh3 46. Re7 Rxh2 47. Rxb7+ Kxb7 48. Qe4+ Kc8 49. Rf8+ Kd7 50. Rf7+ Kd8 51. Qe7+ Kc8 52. Qc7# 1-0

[Event "*** SCC Grand Prix: Titled Tuesday Blitz"]
[Site "Chess.com"]
[Date "2020.08.25"]
[Round "8"]
[White "Phenix2k"]
[Black "1977Ivan"]
[Result "1-0"]
[WhiteElo "2169"]
[BlackElo "2679"]
[TimeControl "180+1"]
[EndTime "11:37:02 PDT"]
[Termination "Phenix2k won by resignation"]

1. d4 Nf6 2. c4 Nc6 3. Nf3 e6 4. Nc3 Bb4 5. Qc2 d6 6. Bd2 a5 7. e3 O-O 8. Bd3 e5 9. d5 Ne7 10. O-O h6 11. a3 Bc5 12. Rfb1 Bd7 13. b3 Qe8 14. Be1 Kh8 15. Nd2 Nh5 16. Nce4 Ba7 17.
Ng3 f5 18. b4 f4 19. Nxh5 fxe3 20. Ng3 exf2+ 21. Kh1 fxe1=Q+ 22. Rxe1 Bd4 23. Rab1 axb4 24. axb4 Ba4 25. Nb3 Bxb3 26. Rxb3 Rf2 27. Qd1 Raa2 28.
Be4 Qf7 29. Qg4 Ng8 30. Rbb1 Rf4 31. Qe6 Qf8 32. Nf5 Nf6 33. Ng3 Nxe4 34. Nxe4 Rxe4 35. Rxe4 Qf2 36. Qc8+ Kh7 37. Qg4 Rd2 38. Ree1 Rd3 39. Qe4+ Qf5 40. Qxf5+ Kg8 41. Qxd3 e4 42. Qxe4 c5 43.
Qe6+ Kh7 44. bxc5 g6 45. Qe4 Bg7 46. Qe7 h5 47. Qf7 dxc5 48. Re7 1-0

[Event "*** SCC Grand Prix: Titled Tuesday Blitz"]
[Site "Chess.com"]
[Date "2020.08.25"]
[Round "8"]
[White "alexgo05"]
[Black "MestreSoares"]
[Result "0-1"]
[WhiteElo "2328"]
[BlackElo "2154"]
[TimeControl "180+1"]
[EndTime "11:37:02 PDT"]
[Termination "MestreSoares won by resignation"]

1. e4 Nf6 2. e5 Nd5 3. d4 d6 4.
Nf3 Bg4 5. c4 Nb6 6. Be2 e6 7. Nc3 Be7 8. h3 Bxf3 9. Bxf3 d5 10.
c5 Nc8 11. Be3 O-O 12. O-O Nc6 13. a3 f6 14. exf6 Bxf6 15. b4 a6 16. Re1 N8e7 17. Bg4 Nf5 18. Bxf5 exf5 19. Ne2 Qd7 20. Qd2 Rae8 21.
a4 g6 22. b5 axb5 23. axb5 Nd8 24. Qd3 c6 25. b6 Re7 26. Bf4 Rfe8 27. Kf1 Re4 28. f3 R4e6 29. Ra2 Nf7 30. Rea1 h6 31. Ra7 Rxe2 32. Qxe2 Rxe2 33. Kxe2 Bxd4 34. Ra8+ Kh7 35. R1a7 Bxc5 36. Rb8 g5 37. Rbxb7 Qe6+ 38. Kd1 gxf4 39. Rxf7+ Kg6 40. Rg7+ Kh5 41. Raf7 Bxb6 42. Re7 Qf6 43. Rgf7 Qa1+ 44. Kc2 Qa2+ 45. Kd3 Qb1+ 46. Kc3 Be3 47. Rxf5+ Qxf5 48. Kb4 c5+ 49. Kb5 c4 50. Kc6 d4 51.
Kd6 c3 52. Rc7 c2 53. Ke7 Qh7+ 54. Kd8 Qxc7+ 55. Kxc7 0-1

[Event "*** SCC Grand Prix: Titled Tuesday Blitz"]
[Site "Chess.com"]
[Date "2020.08.25"]
[Round "8"]
[White "chenxiaoyuer"]
[Black "Nf3c5"]
[Result "1-0"]
[WhiteElo "2455"]
[BlackElo "2545"]
[TimeControl "180+1"]
[EndTime "11:37:03 PDT"]
[Termination "chenxiaoyuer won on time"]

1. e4 c5 2. Nf3 Nc6 3. d4 cxd4 4. Nxd4 Nf6 5. Nc3 e5 6. Ndb5 d6 7. Bg5 a6 8. Na3 b5 9. Nd5 Be7 10. Bxf6 Bxf6 11. c4 b4 12. Nc2 O-O 13. g3 Rb8 14. b3 Bg5 15. Bg2 a5 16. O-O Ne7 17. Nde3 Be6 18. h4 Bh6 19. Ng4 Bxg4 20. Qxg4 Qc7 21.
Rad1 a4 22. f4 axb3 23. axb3 Ra8 24. fxe5 dxe5 25. Rd7 Qc5+ 26. Kh2 Ra2 27. Ne1 Ra7 28. Nd3 Qe3 29. Nxe5 Ng6 30. Nxg6 hxg6 31. Rf3 Qb6 32. Rd5 Ra1 33. Kh3 Qg1 34. Qd7 Ra2 35. Bf1 Rh2+ 36.
Kg4 Qb6 37. Rd6 Qc5 38. Rd5 Qb6 39. Qd6 Qb7 40. Qd7 Qb8 41. c5 Qa7 42. Qxa7 f5+ 43. exf5 gxf5+ 44. Rdxf5 1-0

[Event "*** SCC Grand Prix: Titled Tuesday Blitz"]
[Site "Chess.com"]
[Date "2020.08.25"]
[Round "8"]
[White "DarZay"]
[Black "Colombiano07"]
[Result "1/2-1/2"]
[WhiteElo "2149"]
[BlackElo "2289"]
[TimeControl "180+1"]
[EndTime "11:37:04 PDT"]
[Termination "Game drawn by repetition"]

1. e4 g6 2. d4 Bg7 3. Nc3 d5 4.
e5 c5 5. Bb5+ Nc6 6. Bxc6+ bxc6 7. f4 cxd4 8. Qxd4 Nh6 9. Nf3 O-O 10. O-O Qb6 11. Qxb6 axb6 12. Be3 Bf5 13. Bxb6 Rfb8 14. Bc5 Rxb2 15. Bxe7 Rxc2 16. Rac1 Ng4 17. Rxc2 Bxc2 18. Nd4 Bd3 19. Rd1 Bc4 20. Nxc6 Bf8 21. h3 Ne3 22. Rd2 Nf5 23. Bxf8 Kxf8 24. Nxd5 Bxd5 25. Rxd5 Rxa2 26.
Rd8+ Kg7 27. g4 Nh4 28. g5 Ra4 29. Ne7 h6 30. gxh6+ Kh7 31. Rf8 Rxf4 32. e6 Nf3+ 33. Kg2 Ng5 34. Nxg6 Kxg6 35. e7 Re4 36. e8=Q Rxe8 37.
Rxe8 Kxh6 38. Rg8 f6 39. h4 Ne6 40. Kf3 Ng7 41. Kf4 Kg6 42. h5+ Kf7 43. Rh8 Ne6+ 44. Ke4 Kg7 45. Ra8 Kh6 46. Kf5 Ng7+ 47. Kxf6 Nxh5+ 48. Kf5 Ng7+ 49. Kg4 Kg6 50. Ra6+ Kf7 51. Kg5 Ne6+ 52. Kf5 Ng7+ 53. Ke5 Ne8 54. Kf5 Ng7+ 55. Kf4 Ne6+ 56. Ke5 Ng7 57. Rh6 Ne8 58. Rh1 Ng7 59. Rg1 Ne8 60. Rf1+ Ke7 61. Ra1 Kf7 62. Rh1 Ng7 63.
Rh8 Ne8 64. Rh7+ Ng7 65. Rh6 Ne8 66. Rb6 Ng7 67. Rf6+ Ke7 68. Rg6 Kf7 69. Rf6+ Ke7 70. Ra6 Kf7 71. Ra7+ Kg6 72. Ra2 Kf7 73. Kf4 Kf6 74.
Ra6+ Ne6+ 75. Ke4 Kf7 76. Ke5 Ng7 1/2-1/2

[Event "*** SCC Grand Prix: Titled Tuesday Blitz"]
[Site "Chess.com"]
[Date "2020.08.25"]
[Round "8"]
[White "SergeyKarjakin"]
[Black "Semen_Khanin"]
[Result "1-0"]
[WhiteElo "2983"]
[BlackElo "2787"]
[TimeControl "180+1"]
[EndTime "11:37:05 PDT"]
[Termination "SergeyKarjakin won by resignation"]

1. e4 e5 2. Nf3 Nc6 3. Bc4 Bc5 4. c3 Nf6 5. d3 d6 6. O-O a6 7. a4 Ba7 8. Nbd2 O-O 9. Re1 Kh8 10.
h3 Ng8 11. Nf1 f5 12. Bg5 Nge7 13. exf5 Bxf5 14. Ng3 d5 15. Ba2 Qd6 16. Nxf5 Rxf5 17. Bh4 Raf8 18. Bg3 Qg6 19. Kh2 Rxf3 20. gxf3 Qh5 21.
Kg2 Rf6 22. f4 Qxd1 23. Raxd1 exf4 24. Bh4 g5 25. Bxg5 Rg6 26. h4 h6 27. Rg1 hxg5 28.
Kh3 Bxf2 29. Rxg5 Rxg5 30. hxg5 Ne5 31. d4 Nc4 32. Bxc4 dxc4 33. Kg4 Be3 34. Rh1+ Kg7 35. Rh6 Bc1 36. Rh2 b5 37. a5 Nd5 38. Kf5 Ne3+ 39.
Ke4 Kg6 40. Rh6+ Kxg5 41. Rxa6 Nf5 42. Ra8 Nd6+ 43. Kf3 Bxb2 44. a6 Bxc3 45. a7 Bxd4 46. Rg8+ Kf6 47. a8=Q Nf5 48. Rf8+ Ke5 49. Qe4+ 1-0

[Event "*** SCC Grand Prix: Titled Tuesday Blitz"]
[Site "Chess.com"]
[Date "2020.08.25"]
[Round "8"]
[White "boasovietica"]
[Black "tylityli"]
[Result "1-0"]
[WhiteElo "2393"]
[BlackElo "2207"]
[TimeControl "180+1"]
[EndTime "11:37:05 PDT"]
[Termination "boasovietica won by resignation"]

1. e4 e5 2. Nf3 Nc6 3. Bb5 a6 4. Ba4 Nf6 5. O-O b5 6. Bb3 Be7 7. d3 O-O 8. Nc3 d6 9. a3 Na5 10. Ba2 c5 11. Nd5 Be6 12. Nxe7+ Qxe7 13. h3 Bxa2 14. Rxa2 d5 15. exd5 Nxd5 16. Re1 f6 17. c4 bxc4 18. dxc4 Nb6 19. b4 Naxc4 20. bxc5 Qxc5 21.
Rc2 Qb5 22. Nh4 Qd7 23. Qf3 Rad8 24. Nf5 Kh8 25. a4 Qxa4 26. Rc3 Qd7 27. h4 g6 28. Nh6 Qd4 29. h5 Kg7 30. hxg6 hxg6 31. Ng4 Nd5 32. Bh6+ Kf7 33. Rd3 Qc5 34. Bxf8 Kxf8 35.
Nxf6 Nf4 36. Rxd8+ Ke7 37. Rdd1 Kxf6 38. g3 g5 39. gxf4 gxf4 40. Qh5 Qf8 41. Rc1 Qg7+ 42. Kh1 Nd2 43. Rc6+ Ke7 44. Rc7+ Kf8 45. Rxg7 Kxg7 46. Qg5+ Kf7 47. Qf5+ Kg7 48. Qxe5+ Kg6 49. Qd6+ 1-0

[Event "*** SCC Grand Prix: Titled Tuesday Blitz"]
[Site "Chess.com"]
[Date "2020.08.25"]
[Round "8"]
[White "Kassimov_B"]
[Black "EddieMarsalla"]
[Result "1-0"]
[WhiteElo "2445"]
[BlackElo "2529"]
[TimeControl "180+1"]
[EndTime "11:37:06 PDT"]
[Termination "Kassimov_B won by checkmate"]

1. d4 d5 2. Nf3 Bf5 3. Bf4 e6 4. e3 Bd6 5. Ne5 Nd7 6. g4 Bg6 7. h4 Bxe5 8. dxe5 h6 9. h5 Be4 10. f3 Bh7 11. Nc3 c6 12. Qd2 Qc7 13. Qh2 Ne7 14.
O-O-O b5 15. Bd3 Bxd3 16. cxd3 Qa5 17. Kb1 b4 18. Ne2 c5 19. Nc1 c4 20. dxc4 dxc4 21. Qc2 Rc8 22. g5 Nd5 23. gxh6 gxh6 24. Rhg1 N7b6 25. Rg4 c3 26. b3 Nxf4 27. exf4 Nd5 28. Re1 Qb6 29. Qd3 c2+ 30. Kb2 Rc3 31. Qe4 a5 32. f5 a4 33. fxe6 Qxe6 34. Rg2 axb3 35. Nxb3 Qa6 36. Rxc2 Qa3+ 37. Kb1 Rxb3+ 38. axb3 Qxb3+ 39. Kc1 Qa3+ 40. Kd2 Nc3 41. Qc6+ Ke7 42. Qf6+ Kd7 43.
e6+ Kc7 44. Qxh8 Qb3 45. exf7 Qd5+ 46. Ke3 Qe6+ 47. Kf2 Qxf7 48. Rxc3+ bxc3 49. Qxc3+ Kd8 50. Rd1+ Ke8 51. Qe5+ Kf8 52. Rd8+ Qe8 53. Rxe8+ Kf7 54. Re7+ Kg8 55. Qg7# 1-0

[Event "*** SCC Grand Prix: Titled Tuesday Blitz"]
[Site "Chess.com"]
[Date "2020.08.25"]
[Round "8"]
[White "Nemsko"]
[Black "Ashedu66"]
[Result "1-0"]
[WhiteElo "2354"]
[BlackElo "2193"]
[TimeControl "180+1"]
[EndTime "11:37:06 PDT"]
[Termination "Nemsko won on time"]

1. e4 e5 2. Nf3 Nc6 3. Bb5 Nge7 4. c3 g6 5. O-O Bg7 6. d4 exd4 7. cxd4 d5 8. e5 O-O 9. Nc3 Bg4 10. Be3 f6 11.
exf6 Bxf6 12. Be2 Bg7 13. h3 Bf5 14. Rc1 Kh8 15. Qd2 Qd7 16. Bh6 Rae8 17. Qg5 Bxh6 18. Qxh6 Ng8 19. Qd2 Nf6 20. Bd3 Ne4 21. Qh6 Nxc3 22.
bxc3 Bxd3 23. Rfe1 Qg7 24. Qd2 Be4 25. Ng5 h6 26. Nxe4 dxe4 27. Rb1 b6 28. Re3 Kh7 29. Rbe1 Qf7 30. Rxe4 Rxe4 31. Rxe4 Re8 32. Qe2 Rxe4 33. Qxe4 Nd8 34. d5 Nb7 35. c4 Nc5 36. Qe3 Kg7 37. Qe5+ Kh7 38. f3 Qg7 39. Qf4 Qe7 40. h4 h5 41. Qd4 Qd6 42. Qe3 Kg7 43. Qe8 Qf8 44.
Qe5+ Kh7 45. Qxc7+ Qg7 46. d6 Kh6 47. Qd8 Qd4+ 48.
Kh2 Qe5+ 49. Kg1 Nd3 50. Qg5+ 1-0

[Event "*** SCC Grand Prix: Titled Tuesday Blitz"]
[Site "Chess.com"]
[Date "2020.08.25"]
[Round "8"]
[White "Diego_FloresQ"]
[Black "MVM2008"]
[Result "1-0"]
[WhiteElo "2405"]
[BlackElo "2233"]
[TimeControl "180+1"]
[EndTime "11:37:10 PDT"]
[Termination "Diego_FloresQ won by checkmate"]

1. e4 c5 2. Nf3 e6 3. d4 cxd4 4. Nxd4 a6 5. Nc3 b5 6. g3 Bb7 7. Bg2 d6 8. O-O Qc7 9. Re1 Be7 10. a4 b4 11. Na2 Nf6 12. Bg5 h6 13. Bxf6 Bxf6 14.
Nxb4 O-O 15. c3 Nd7 16. Nd3 Nc5 17. Nxc5 dxc5 18. Nc2 Rad8 19. Qe2 Rd7 20. e5 Bxg2 21.
exf6 Qb7 22. fxg7 Rfd8 23. Ne3 Bf3 24. Qc4 Rd2 25. b4 cxb4 26. cxb4 R8d4 27. Qc5 Kxg7 28. b5 Rd8 29. b6 Kg8 30. a5 Rc8 31. Qe5 Bh1 32.
Qf6 Rd3 33. f3 Rcd8 34. Qxh6 Bxf3 35. Qg5+ Kf8 36. Ra2 Rd2 37. Rxd2 Rxd2 38. Qh6+ Ke7 39. Nf5+ Kd7 40. Qxd2+ Bd5 41. Ne3 Qc6 42. Nxd5 exd5 43. Qf4 Qc5+ 44. Qf2 Qxa5 45. Qxf7+ Kc6 46. Qc7+ Kb5 47.
Rb1+ Ka4 48. Qc2+ Ka3 49. Qb3# 1-0

[Event "*** SCC Grand Prix: Titled Tuesday Blitz"]
[Site "Chess.com"]
[Date "2020.08.25"]
[Round "8"]
[White "KatarinaOstojic"]
[Black "jamalm2"]
[Result "1-0"]
[WhiteElo "2310"]
[BlackElo "1952"]
[TimeControl "180+1"]
[EndTime "11:37:10 PDT"]
[Termination "KatarinaOstojic won on time"]

1. e4 c6 2. d4 d5 3. f3 dxe4 4.
fxe4 e6 5. Nf3 Nf6 6. Bd3 Be7 7. O-O a6 8. e5 Nd5 9. c3 c5 10. Qe2 Nc6 11. dxc5 Bxc5+ 12. Kh1 Be7 13. Be4 Qc7 14. Bxd5 exd5 15. Bf4 Be6 16. Nbd2 Qb6 17. b3 O-O 18.
Rae1 Rad8 19. Bg5 h6 20. Bxe7 Nxe7 21. Nd4 Qa5 22. Qe3 Nc6 23. N2f3 Rc8 24. Qf4 Nxd4 25. cxd4 Qxa2 26. g4 Rc2 27. Qg3 Qxb3 28. h4 Rc3 29. Qg2 Re3 30. Rb1 Qd3 31. Rbd1 Qe4 32. Kg1 Bxg4 33.
Nh2 Qxg2+ 34. Kxg2 Bxd1 35. Rxd1 Re2+ 36. Kg3 Re4 37.
Nf3 f6 38. Rc1 fxe5 39. dxe5 Re3 40. Rf1 d4 41. Kg2 d3 42. e6 Rxe6 43. Rd1 1-0

[Event "*** SCC Grand Prix: Titled Tuesday Blitz"]
[Site "Chess.com"]
[Date "2020.08.25"]
[Round "8"]
[White "ElGasanov"]
[Black "PavelShkapenko"]
[Result "1-0"]
[WhiteElo "2756"]
[BlackElo "2624"]
[TimeControl "180+1"]
[EndTime "11:37:11 PDT"]
[Termination "ElGasanov won by resignation"]

1. d4 Nf6 2. c4 e6 3. Nf3 Bb4+ 4. Nc3 c5 5. g3 cxd4 6. Nxd4 Ne4 7. Qc2 Qa5 8. Nb5 a6 9. Qxe4 axb5 10. Bd2 bxc4 11.
Qxc4 Nc6 12. a3 d5 13. Qa2 Be7 14. Bg2 Qd8 15. O-O O-O 16. Rfd1 d4 17. Be1 e5 18.
Nd5 Be6 19. e4 Qd7 20. Rac1 Rfd8 21. Qb3 Bf8 22. Qb5 Bxd5 23. exd5 Ne7 24. Qxd7 Rxd7 25.
Rc5 Nf5 26. Rb5 Nd6 27. Rb6 Ra6 28. Rxa6 bxa6 29. Rc1 Ra7 30. Bb4 a5 31. Bxd6 Bxd6 32. Rc8+ Bf8 33. g4 g6 34. g5 Kg7 35. Be4 Bd6 36.
Rc6 Rd7 37. Ra6 Bc7 38. Ra7 Re7 39. Kf1 f5 40. gxf6+ Kxf6 41. Ra6+ Kg5 42. d6 Bxd6 43. Rxd6 Re8 44. Rb6 Rc8 45. Bc6 Kf4 46. Ke2 e4 47. b4 axb4 48. axb4 d3+ 49. Kd2 Kf3 50. b5 Rf8 51. Rb7 Kxf2 52. Bxe4 Rf4 53. Kxd3 Kg1 54. b6 Rf2 55. Rxh7 Rb2 56. b7 1-0